Phantoms vs Admirals NSH

Created - Tuesday, January 12, 2016 at 02:30

Goals
1 2 3 OT1 SO T
Phantoms 0 0 1 0 0 1
Admirals NSH 0 1 0 0 1 2
Shots
1 2 3 OT1 SO T
Phantoms 7 7 15 0 3 29
Admirals NSH 5 19 5 1 3 30

1st period

No Goal

Penalties :
Brad Winchester (MIL) for Fighting (Major) at 0:13, Deryk Engelland (LEH) for Fighting (Major) at 0:13, Chad Johnson (MIL) for Delaying the game (Minor) at 0:57 - Michael Pelech served the penalty, Andrew Desjardins (MIL) for Hooking (Minor) at 8:30, Frazer McLaren (MIL) for Fighting (Major) at 17:21, Steve MacIntyre (LEH) for Fighting (Major) at 17:21, Oliver Lauridsen (MIL) for Fighting (Major) at 19:50, Tom Sestito (LEH) for Fighting (Major) at 19:50

2nd period

1. Admirals NSH , Brad Winchester 3 (Victor Bartley, Andrew Desjardins) at 3:34 (PP)

Penalties :
Brody Sutter (MIL) for Fighting (Major) at 2:20, Martin Gernat (LEH) for Fighting (Major) at 2:20, Deryk Engelland (LEH) for Slashing (Minor) at 2:35, Garrett Wilson (LEH) for Tripping (Minor) at 4:31, Oliver Lauridsen (MIL) for Fighting (Major) at 9:30, Tom Sestito (LEH) for Fighting (Major) at 9:30, Oliver Lauridsen (MIL) for Fighting (Major / Game Misconduct) at 19:07, Steve MacIntyre (LEH) for Fighting (Major) at 19:07

3rd period

2. Phantoms , Byron Froese 6 (Chris Neil, Bryan Allen) at 3:31

Penalties :
Brad Winchester (MIL) for Fighting (Major) at 9:29, Chris Neil (LEH) for Fighting (Major) at 9:29, Michael Pelech (MIL) for Fighting (Major) at 17:16, Deryk Engelland (LEH) for Fighting (Major) at 17:16, Michael Pelech (MIL) for instigated a fight (Minor) at 17:16, Michael Pelech (MIL) for instigated a fight (10 Minutes Misconduct) at 17:16

Overtime #1

No Goal

Penalties :
No Penalty

Shootout

Penalty Shot by Deryk Engelland for Phantoms - Shot Misses the Net
Penalty Shot by Ben Sexton for Admirals NSH - Stopped by Laurent Brossoit
Penalty Shot by Chris Neil for Phantoms - Stopped by Chad Johnson
Penalty Shot by Andrew Desjardins for Admirals NSH - Shot Hit the Post
Penalty Shot by Ben Street for Phantoms - Stopped by Chad Johnson
Penalty Shot by Brody Sutter for Admirals NSH - Goal!

Penalties :
No Penalty

Goalie Stats

Laurent Brossoit (LEH), 29 saves from 30 shots - (0.967), OTL, 1-1-1, 65:00 minutes
Chad Johnson (MIL), 28 saves from 29 shots - (0.966), W, 15-5-4, 65:00 minutes

Players Stats for Phantoms

Player Name              G  A  P  +/- PIM S  H  SB GA TA FO     MP     PP MP  PK MP  
------------------------------------------------------------------------------------
Ben Street               0  0  0   0  0   3  0  1  4  0  7/16   20:40   3:23   2:27 
Brian Strait             0  0  0   0  0   4  5  1  1  2  0/0    27:04   3:01   1:33 
Bryan Allen              0  1  1   0  0   2  2  1  0  2  0/0    27:04   3:01   1:33 
Bryan Lerg               0  0  0   1  0   1  0  0  0  0  0/0    17:25   2:34   0:00 
Byron Froese             1  0  1   1  0   4  1  0  0  0  6/9    18:47   2:34   0:31 
Chris Langkow            0  0  0   0  0   2  1  0  4  1  4/7    17:17   0:00   0:31 
Chris Neil               0  1  1   1  5   1  2  0  7  0  2/5    20:33   2:34   2:27 
Cody Bass                0  0  0   0  0   1  1  0  3  0  0/0    15:08   0:00   0:00 
Deryk Engelland          0  0  0   0  12  3  3  1  4  0  1/1    20:13   1:03   1:01 
Garrett Wilson           0  0  0   0  2   1  1  1  1  0  0/1    16:34   3:23   0:00 
Greg Zanon               0  0  0   0  0   2  0  0  2  0  0/0    23:01   2:56   1:25 
Keegan Lowe              0  0  0   1  0   0  1  0  1  0  0/0    15:19   0:00   0:24 
Martin Gernat            0  0  0   1  5   0  0  0  0  0  0/0    15:07   0:00   0:00 
Mitch Moroz              0  0  0   0  0   1  3  0  0  0  1/1    11:56   1:55   0:00 
Nathan Longpre           0  0  0   0  0   0  0  0  3  0  3/7     8:20   0:00   0:00 
Stephen Johns            0  0  0   0  0   1  2  3  0  2  0/0    20:20   2:56   0:00 
Steve MacIntyre          0  0  0   0  10  0  0  0  1  0  0/0     7:47   0:00   0:00 
Tom Sestito              0  0  0   0  10  3  3  0  0  2  0/1    14:38   0:25   0:08 

Players Stats for Admirals NSH

Player Name              G  A  P  +/- PIM S  H  SB GA TA FO     MP     PP MP  PK MP  
------------------------------------------------------------------------------------
Allan McPherson          0  0  0   0  0   0  0  0  1  1  2/4    11:01   0:00   0:00 
Andrew Desjardins        0  1  1  -1  2   0  0  0  1  1  4/10   16:29   1:26   0:00 
Ben Sexton               0  0  0   0  0   0  1  0  0  0  2/2    11:56   0:00   0:00 
Brad Winchester          1  0  1  -1  10  4  2  0  0  0  2/2    22:20   1:26   1:42 
Brian Lashoff            0  0  0   0  0   5  2  1  3  1  0/0    22:01   1:16   2:13 
Brody Sutter             0  0  0  -1  5   1  1  0  3  3  1/3    18:01   0:00   3:12 
Eric Faille              0  0  0   0  0   0  1  0  0  0  0/1    17:23   0:00   2:45 
Frazer McLaren           0  0  0   0  5   0  4  1  0  0  5/9    16:21   0:40   1:03 
Fredrik Claesson         0  0  0   0  0   0  1  1  0  2  0/0    21:04   0:00   3:44 
Jamie Wise               0  0  0   0  0   0  2  0  0  0  0/0    15:37   0:00   0:00 
Jyrki Jokipakka          0  0  0  -1  0   4  1  2  2  2  0/0    28:56   1:16   3:44 
Michael Pelech           0  0  0   0  17  1  1  0  0  0  1/2    16:32   1:32   0:00 
Nikita Nesterov          0  0  0   0  0   5  0  2  2  2  0/0    15:11   1:42   0:00 
Oliver Lauridsen         0  0  0   0  25  0  1  0  0  1  0/0     6:59   0:00   0:00 
Patrick Mullen           0  0  0   0  0   1  0  1  0  1  0/0    16:54   0:00   0:00 
Pierre-Cedric Labrie     0  0  0   0  0   0  2  0  0  2  6/14   22:59   2:18   3:12 
Victor Bartley           0  1  1  -1  0   7  5  1  2  4  0/0    18:52   1:42   2:13 
Wade Megan               0  0  0   0  0   2  5  0  1  0  1/1    15:21   1:32   0:00 

3 Stars

1 - Laurent Brossoit (LEH)
2 - Chad Johnson (MIL)
3 - Byron Froese (LEH)

Power Play

Phantoms - 0 on 3 Attempt(s) - 0.00%
Admirals NSH - 1 on 2 Attempt(s) - 50.00%

Penalty Kill

Phantoms - 1 on 2 Attempt(s) - 50.00% - Score 0 goal in Penalty Kill
Admirals NSH - 3 on 3 Attempt(s) - 100.00% - Score 0 goal in Penalty Kill

Team Stat

Phantoms - Hits : 25 - Faceoff Wins : 24 - Blocked Shots : 8 - Penalty Minutes : 44
Admirals NSH - Hits : 29 - Faceoff Wins : 24 - Blocked Shots : 9 - Penalty Minutes : 64

Official

Referees : Unknown
Linesman : Unknown

Game Notes

Brad Winchester and Deryk Engelland fight to a draw at 0:13 of 1st period
Frazer McLaren beats up Steve MacIntyre at 17:21 of 1st period
Oliver Lauridsen beats up Tom Sestito at 19:50 of 1st period
Brody Sutter and Martin Gernat fight to a draw at 2:20 of 2nd period
Oliver Lauridsen and Tom Sestito fight to a draw at 9:30 of 2nd period
Oliver Lauridsen beats up Steve MacIntyre at 19:07 of 2nd period
Oliver Lauridsen ejected from game at 19:07 of 2nd period
Chris Neil beats up Brad Winchester at 9:29 of 3rd period
Deryk Engelland beats up Michael Pelech at 17:16 of 3rd period

Finance

Level 1 -- Attendance: 1608 (80.40%) -- Ticket Income $54,672
Level 2 -- Attendance: 762 (76.20%) -- Ticket Income $10,668
Total Attendance: 2370 (79.00%)
Total Ticket Income: $65,340
Other Income: $32,017
Total Income: $97,357

Phantoms

5 vs 5 Forward 
   Center                   Left Wing                Right Wing               Time % Phy DF OF 
 1 Ben Street               Garrett Wilson           Deryk Engelland          35     1   2  2  
 2 Byron Froese             Bryan Lerg               Chris Neil               30     1   2  2  
 3 Chris Langkow            Tom Sestito              Cody Bass                22     1   2  2  
 4 Nathan Longpre           Steve MacIntyre          Deryk Engelland          13     1   2  2  

5 vs 5 Defense 
   Defense                  Defense                                           Time % Phy DF OF 
 1 Bryan Allen              Brian Strait                                      35     1   2  2  
 2 Greg Zanon               Stephen Johns                                     30     1   2  2  
 3 Martin Gernat            Keegan Lowe                                       22     1   2  2  
 4 Bryan Allen              Brian Strait                                      13     1   2  2  

PowerPlay Forward 
   Center                   Left Wing                Right Wing               Time % Phy DF OF 
 1 Ben Street               Garrett Wilson           Deryk Engelland          60     1   2  2  
 2 Byron Froese             Bryan Lerg               Chris Neil               40     1   2  2  

PowerPlay Defense
   Defense                  Defense                                           Time % Phy DF OF 
 1 Bryan Allen              Brian Strait                                      60     1   2  2  
 2 Greg Zanon               Stephen Johns                                     40     1   2  2  

Penalty Kill 4 Players Forward 
   Center                   Wing                     Time % Phy DF OF 
 1 Chris Neil               Ben Street               60     1   2  2  
 2 Garrett Wilson           Byron Froese             40     1   2  2  

Penalty Kill 4 Players Defense
   Defense                  Defense                  Time % Phy DF OF 
 1 Bryan Allen              Brian Strait             60     1   2  2  
 2 Deryk Engelland          Greg Zanon               40     1   2  2  

Penalty Kill - 3 Players Forward 
   Forward                                           Time % Phy DF OF 
 1 Chris Neil                                        60     1   2  2  
 2 Ben Street                                        40     1   2  2  

Penalty Kill - 3 Players Defense
   Defense                  Defense                  Time % Phy DF OF 
 1 Bryan Allen              Brian Strait             60     1   2  2  
 2 Deryk Engelland          Greg Zanon               40     1   2  2  

4 vs 4 Forward 
   Center                   Wing                     Time % Phy DF OF 
 1 Chris Neil               Ben Street               60     1   2  2  
 2 Garrett Wilson           Byron Froese             40     1   2  2  

4 vs 4 Defense
   Defense                  Defense                  Time % Phy DF OF 
 1 Bryan Allen              Brian Strait             60     1   2  2  
 2 Deryk Engelland          Greg Zanon               40     1   2  2  

Last Minutes Offensive
   Center                   Left Wing                Right Wing               Defense                  Defense                  
   Ben Street               Garrett Wilson           Deryk Engelland          Bryan Allen              Brian Strait             

Last Minutes Defensive
   Center                   Left Wing                Right Wing               Defense                  Defense                  
   Ben Street               Garrett Wilson           Deryk Engelland          Bryan Allen              Brian Strait             

Goaltenders
Starting : Laurent Brossoit         
Backup : Marek Mazanec            

Extra Forwards
Normal : Mitch Moroz, Tom Sestito, Chris Langkow - PP : Mitch Moroz, Tom Sestito - PK : Chris Langkow
Extra Defensemen
Normal : Martin Gernat, Keegan Lowe, Stephen Johns - PP : Martin Gernat - PK : Keegan Lowe, Stephen Johns
Penalty Shots
Deryk Engelland, Chris Neil, Ben Street, Garrett Wilson, Byron Froese

Admirals NSH

5 vs 5 Forward 
   Center                   Left Wing                Right Wing               Time % Phy DF OF 
 1 Andrew Desjardins        Brody Sutter             Brad Winchester          27     0   2  3  
 2 Pierre-Cedric Labrie     Michael Pelech           Wade Megan               27     0   2  3  
 3 Frazer McLaren           Eric Faille              Jamie Wise               27     0   2  3  
 4 Allan McPherson          Ben Sexton               Brad Winchester          19     0   2  3  

5 vs 5 Defense 
   Defense                  Defense                                           Time % Phy DF OF 
 1 Jyrki Jokipakka          Victor Bartley                                    27     0   4  1  
 2 Brian Lashoff            Nikita Nesterov                                   27     0   4  1  
 3 Fredrik Claesson         Oliver Lauridsen                                  27     0   4  1  
 4 Patrick Mullen           Jyrki Jokipakka                                   19     0   4  1  

PowerPlay Forward 
   Center                   Left Wing                Right Wing               Time % Phy DF OF 
 1 Andrew Desjardins        Brody Sutter             Brad Winchester          50     0   1  4  
 2 Pierre-Cedric Labrie     Michael Pelech           Wade Megan               50     0   1  4  

PowerPlay Defense
   Defense                  Defense                                           Time % Phy DF OF 
 1 Brian Lashoff            Jyrki Jokipakka                                   50     0   2  3  
 2 Nikita Nesterov          Victor Bartley                                    50     0   2  3  

Penalty Kill 4 Players Forward 
   Center                   Wing                     Time % Phy DF OF 
 1 Brody Sutter             Pierre-Cedric Labrie     50     0   3  2  
 2 Brad Winchester          Eric Faille              50     0   3  2  

Penalty Kill 4 Players Defense
   Defense                  Defense                  Time % Phy DF OF 
 1 Victor Bartley           Brian Lashoff            50     0   4  1  
 2 Fredrik Claesson         Jyrki Jokipakka          50     0   4  1  

Penalty Kill - 3 Players Forward 
   Forward                                           Time % Phy DF OF 
 1 Brad Winchester                                   50     0   5  0  
 2 Jamie Wise                                        50     0   5  0  

Penalty Kill - 3 Players Defense
   Defense                  Defense                  Time % Phy DF OF 
 1 Brian Lashoff            Victor Bartley           50     0   5  0  
 2 Oliver Lauridsen         Nikita Nesterov          50     0   5  0  

4 vs 4 Forward 
   Center                   Wing                     Time % Phy DF OF 
 1 Brody Sutter             Brad Winchester          50     0   2  3  
 2 Pierre-Cedric Labrie     Allan McPherson          50     0   2  3  

4 vs 4 Defense
   Defense                  Defense                  Time % Phy DF OF 
 1 Victor Bartley           Jyrki Jokipakka          50     0   4  1  
 2 Patrick Mullen           Brian Lashoff            50     0   4  1  

Last Minutes Offensive
   Center                   Left Wing                Right Wing               Defense                  Defense                  
   Andrew Desjardins        Brody Sutter             Brad Winchester          Brian Lashoff            Victor Bartley           

Last Minutes Defensive
   Center                   Left Wing                Right Wing               Defense                  Defense                  
   Andrew Desjardins        Brody Sutter             Brad Winchester          Brian Lashoff            Victor Bartley           

Goaltenders
Starting : Chad Johnson             
Backup : Johan Gustafsson         

Extra Forwards
Normal : Ben Sexton, Pierre-Cedric Labrie, Brad Winchester - PP : Brad Winchester, Pierre-Cedric Labrie - PK : Frazer McLaren
Extra Defensemen
Normal : Patrick Mullen, Oliver Lauridsen, Brian Lashoff - PP : Jyrki Jokipakka - PK : Victor Bartley, Fredrik Claesson
Penalty Shots
Ben Sexton, Andrew Desjardins, Brody Sutter, Brad Winchester, Pierre-Cedric Labrie

% Time on Ice - Phantoms

Lines # - Real PCT - Wanted PCT - Time Play
Normal Forward
1 - 24% - 35% - 12:21
2 - 30% - 30% - 15:16
3 - 30% - 22% - 15:08
4 - 16% - 13% - 8:20
Normal Defense
1 - 32% - 35% - 16:20
2 - 32% - 30% - 16:14
3 - 29% - 22% - 14:55
4 - 7% - 13% - 3:36
PP Forward
1 - 57% - 60% - 3:23
2 - 43% - 40% - 2:34
PP Defense
1 - 51% - 60% - 3:01
2 - 49% - 40% - 2:56
PK Forward
1 - 83% - 60% - 2:27
2 - 17% - 40% - 0:31
PK Defense
1 - 52% - 60% - 1:33
2 - 48% - 40% - 1:25
PK3 Forward
1 - 0% - 60%
2 - 0% - 40%
PK3 Defense
1 - 0% - 60%
2 - 0% - 40%
44 Forward
1 - 91% - 60% - 4:34
2 - 9% - 40% - 0:26
44 Defense
1 - 51% - 60% - 2:34
2 - 49% - 40% - 2:26
Last Minute Offensive  - 0:00
Last Minute Defensive  - 0:00
Total
Forward - 65:00
Defense - 65:00

% Time on Ice - Admirals NSH

Lines # - Real PCT - Wanted PCT - Time Play
Normal Forward
1 - 24% - 27% - 12:17
2 - 28% - 27% - 14:19
3 - 31% - 27% - 15:37
4 - 17% - 19% - 8:52
Normal Defense
1 - 25% - 27% - 12:36
2 - 29% - 27% - 14:34
3 - 32% - 27% - 16:15
4 - 15% - 19% - 7:40
PP Forward
1 - 48% - 50% - 1:26
2 - 52% - 50% - 1:32
PP Defense
1 - 43% - 50% - 1:16
2 - 57% - 50% - 1:42
PK Forward
1 - 54% - 50% - 3:12
2 - 46% - 50% - 2:45
PK Defense
1 - 37% - 50% - 2:13
2 - 63% - 50% - 3:44
PK3 Forward
1 - 0% - 50%
2 - 0% - 50%
PK3 Defense
1 - 0% - 50%
2 - 0% - 50%
44 Forward
1 - 51% - 50% - 2:33
2 - 49% - 50% - 2:27
44 Defense
1 - 52% - 50% - 2:35
2 - 48% - 50% - 2:25
Last Minute Offensive  - 0:00
Last Minute Defensive  - 0:00
Total
Forward - 65:00
Defense - 65:00

Play by Play

1st period


0:01 of 1st period - Andrew Desjardins wins face-off versus Ben Street in neutral zone.
0:13 of 1st period - Brad Winchester and Deryk Engelland fight to a draw.
0:13 of 1st period - Penalty to Brad Winchester for Fighting.
0:13 of 1st period - Penalty to Deryk Engelland for Fighting.
0:14 of 1st period - Byron Froese wins face-off versus Pierre-Cedric Labrie in Admirals NSH zone.
0:19 of 1st period - Snap shot by Byron Froese.
0:19 of 1st period - Stopped by Chad Johnson with a rebound.
0:21 of 1st period - Snap shot by Bryan Lerg.
0:21 of 1st period - Stopped by Chad Johnson without a rebound.
0:22 of 1st period - Michael Pelech wins face-off versus Byron Froese in Admirals NSH zone.
0:55 of 1st period - Snap shot by Chris Neil.
0:55 of 1st period - Shot Misses the Net.
0:57 of 1st period - Slapshot by Stephen Johns.
0:57 of 1st period - Stopped by Chad Johnson without a rebound.
0:57 of 1st period - Minor Penalty to Chad Johnson for Delaying the game.
0:58 of 1st period - Ben Street wins face-off versus Frazer McLaren in Admirals NSH zone.
0:59 of 1st period - Slapshot by Brian Strait.
0:59 of 1st period - Shot Misses the Net.
1:09 of 1st period - Wrist shot by Brian Strait.
1:09 of 1st period - Shot Misses the Net.
1:11 of 1st period - Wrist shot by Mitch Moroz.
1:11 of 1st period - Stopped by Chad Johnson with a rebound.
1:13 of 1st period - Slapshot by Brian Strait.
1:13 of 1st period - Shot Misses the Net.
1:15 of 1st period - Slapshot by Brian Strait.
1:15 of 1st period - Shot Misses the Net.
1:17 of 1st period - Snap shot by Brian Strait.
1:17 of 1st period - Stopped by Chad Johnson without a rebound.
1:18 of 1st period - Frazer McLaren wins face-off versus Ben Street in Admirals NSH zone.
1:40 of 1st period - Slapshot by Jyrki Jokipakka.
1:40 of 1st period - Shot Blocked by Garrett Wilson.
2:38 of 1st period - Chris Neil is hit by Brody Sutter.
2:57 of 1st period - Penalty to Michael Pelech is over, Michael Pelech is back on ice.
3:31 of 1st period - Andrew Desjardins is hit by Tom Sestito and loses puck.
3:52 of 1st period - Martin Gernat is hit by Fredrik Claesson and loses puck.
3:59 of 1st period - Brian Strait is hit by Ben Sexton and loses puck.
4:12 of 1st period - Brian Strait is hit by Wade Megan and loses puck.
5:05 of 1st period - Stephen Johns is hit by Frazer McLaren and loses puck.
5:31 of 1st period - Wrist shot by Brian Lashoff.
5:31 of 1st period - Shot Blocked by Stephen Johns.
5:53 of 1st period - Steve MacIntyre is hit by Wade Megan and loses puck.
6:28 of 1st period - Wrist shot by Bryan Lerg.
6:28 of 1st period - Shot Misses the Net.
6:36 of 1st period - Slapshot by Victor Bartley.
6:36 of 1st period - Stopped by Laurent Brossoit with a rebound.
6:56 of 1st period - Brian Strait is hit by Frazer McLaren and loses puck.
7:50 of 1st period - Martin Gernat is hit by Eric Faille and loses puck.
8:11 of 1st period - Brody Sutter is hit by Stephen Johns and loses puck.
8:30 of 1st period - Minor Penalty to Andrew Desjardins for Hooking.
8:31 of 1st period - Brad Winchester wins face-off versus Ben Street in Admirals NSH zone.
8:42 of 1st period - Slapshot by Brian Lashoff.
8:42 of 1st period - Shot Misses the Net.
8:44 of 1st period - Slapshot by Brian Lashoff.
8:44 of 1st period - Stopped by Laurent Brossoit without a rebound.
8:45 of 1st period - Brad Winchester wins face-off versus Ben Street in Phantoms zone.
10:24 of 1st period - Slapshot by Brad Winchester.
10:24 of 1st period - Shot Blocked by Stephen Johns.
10:30 of 1st period - Penalty to Andrew Desjardins is over, Andrew Desjardins is back on ice.
10:38 of 1st period - Keegan Lowe is hit by Wade Megan and loses puck.
12:06 of 1st period - Slapshot by Chris Neil.
12:06 of 1st period - Shot Misses the Net.
12:32 of 1st period - Snap shot by Deryk Engelland.
12:32 of 1st period - Stopped by Chad Johnson without a rebound.
12:33 of 1st period - Pierre-Cedric Labrie wins face-off versus Nathan Longpre in Admirals NSH zone.
12:38 of 1st period - Slapshot by Jyrki Jokipakka.
12:38 of 1st period - Deflect By Wade Megan.
12:38 of 1st period - Shot Blocked by Bryan Allen.
12:38 of 1st period - Puck is out of play.
12:39 of 1st period - Nathan Longpre wins face-off versus Pierre-Cedric Labrie in Phantoms zone.
12:54 of 1st period - Slapshot by Victor Bartley.
12:54 of 1st period - Shot Misses the Net.
12:56 of 1st period - Slapshot by Jyrki Jokipakka.
12:56 of 1st period - Stopped by Laurent Brossoit with a rebound.
13:00 of 1st period - Slapshot by Victor Bartley.
13:00 of 1st period - Stopped by Laurent Brossoit with a rebound.
13:38 of 1st period - Michael Pelech is hit by Tom Sestito and loses puck.
14:14 of 1st period - Off-side.
14:15 of 1st period - Andrew Desjardins wins face-off versus Byron Froese in neutral zone.
14:30 of 1st period - Snap shot by Chris Neil.
14:30 of 1st period - Shot Blocked by Victor Bartley.
14:55 of 1st period - Wrist shot by Cody Bass.
14:55 of 1st period - Shot Misses the Net.
15:15 of 1st period - Brad Winchester is hit by Deryk Engelland and loses puck.
15:41 of 1st period - Chris Neil is hit by Oliver Lauridsen and loses puck.
16:04 of 1st period - Slapshot by Nikita Nesterov.
16:04 of 1st period - Shot Misses the Net.
16:06 of 1st period - Wrist shot by Andrew Desjardins.
16:06 of 1st period - Shot Misses the Net.
16:08 of 1st period - Slapshot by Michael Pelech.
16:08 of 1st period - Shot Misses the Net.
16:24 of 1st period - Martin Gernat is hit by Brian Lashoff and loses puck.
16:35 of 1st period - Snap shot by Brad Winchester.
16:35 of 1st period - Shot Misses the Net.
16:58 of 1st period - Greg Zanon is hit by Wade Megan and loses puck.
17:21 of 1st period - Frazer McLaren beats up Steve MacIntyre.
17:21 of 1st period - Penalty to Frazer McLaren for Fighting.
17:21 of 1st period - Penalty to Steve MacIntyre for Fighting.
17:22 of 1st period - Chris Langkow wins face-off versus Andrew Desjardins in neutral zone.
17:55 of 1st period - Slapshot by Brian Lashoff.
17:55 of 1st period - Stopped by Laurent Brossoit without a rebound.
17:56 of 1st period - Ben Sexton wins face-off versus Garrett Wilson in Phantoms zone.
17:59 of 1st period - Snap shot by Eric Faille.
17:59 of 1st period - Shot Misses the Net.
18:26 of 1st period - Icing by Stephen Johns.
18:27 of 1st period - Pierre-Cedric Labrie wins face-off versus Ben Street in Phantoms zone.
19:35 of 1st period - Slapshot by Bryan Allen.
19:35 of 1st period - Shot Misses the Net.
19:41 of 1st period - Slapshot by Brian Strait.
19:41 of 1st period - Stopped by Chad Johnson with a rebound.
19:47 of 1st period - Wrist shot by Bryan Allen.
19:47 of 1st period - Shot Misses the Net.
19:49 of 1st period - Snap shot by Tom Sestito.
19:49 of 1st period - Shot Misses the Net.
19:50 of 1st period - Oliver Lauridsen beats up Tom Sestito.
19:50 of 1st period - Penalty to Oliver Lauridsen for Fighting.
19:50 of 1st period - Penalty to Tom Sestito for Fighting.
19:51 of 1st period - Ben Sexton wins face-off versus Ben Street in Admirals NSH zone.
19:51 of 1st period - Ben Sexton is hit by Bryan Allen.
Goals for this period are 0 for Phantoms vs 0 for Admirals NSH.
Shots for this period are 7 for Phantoms vs 5 for Admirals NSH.

2nd period


0:01 of 2nd period - Ben Street wins face-off versus Andrew Desjardins in neutral zone.
0:04 of 2nd period - Slapshot by Bryan Allen.
0:04 of 2nd period - Shot Misses the Net.
0:50 of 2nd period - Jamie Wise is hit by Brian Strait and loses puck.
2:20 of 2nd period - Brody Sutter and Martin Gernat fight to a draw.
2:20 of 2nd period - Penalty to Brody Sutter for Fighting.
2:20 of 2nd period - Penalty to Martin Gernat for Fighting.
2:21 of 2nd period - Penalty to Frazer McLaren is over, Frazer McLaren is back on ice.
2:21 of 2nd period - Penalty to Steve MacIntyre is over, Steve MacIntyre is back on ice.
2:21 of 2nd period - Allan McPherson wins face-off versus Ben Street in Phantoms zone.
2:35 of 2nd period - Minor Penalty to Deryk Engelland for Slashing.
2:36 of 2nd period - Wade Megan wins face-off versus Chris Neil in Phantoms zone.
2:42 of 2nd period - Snap shot by Michael Pelech.
2:42 of 2nd period - Stopped by Laurent Brossoit with a rebound.
2:44 of 2nd period - Wrist shot by Jyrki Jokipakka.
2:44 of 2nd period - Stopped by Laurent Brossoit with a rebound.
3:06 of 2nd period - Slapshot by Brian Lashoff.
3:06 of 2nd period - Shot Misses the Net.
3:08 of 2nd period - Slapshot by Jyrki Jokipakka.
3:08 of 2nd period - Stopped by Laurent Brossoit with a rebound.
3:10 of 2nd period - Snap shot by Wade Megan.
3:10 of 2nd period - Stopped by Laurent Brossoit without a rebound.
3:11 of 2nd period - Andrew Desjardins wins face-off versus Chris Neil in Phantoms zone.
3:26 of 2nd period - Snap shot by Andrew Desjardins.
3:26 of 2nd period - Shot Blocked by Ben Street.
3:28 of 2nd period - Slapshot by Victor Bartley.
3:28 of 2nd period - Stopped by Laurent Brossoit with a rebound.
3:30 of 2nd period - Snap shot by Brad Winchester.
3:30 of 2nd period - Stopped by Laurent Brossoit with a rebound.
3:32 of 2nd period - Slapshot by Victor Bartley.
3:32 of 2nd period - Stopped by Laurent Brossoit with a rebound.
3:34 of 2nd period - Snap shot by Brad Winchester.
3:34 of 2nd period - Goal by Brad Winchester - Phantoms : 0 - Admirals NSH : 1.
3:35 of 2nd period - Mitch Moroz wins face-off versus Allan McPherson in neutral zone.
3:44 of 2nd period - Allan McPherson is hit by Brian Strait and loses puck.
4:31 of 2nd period - Minor Penalty to Garrett Wilson for Tripping.
4:32 of 2nd period - Chris Neil wins face-off versus Pierre-Cedric Labrie in Phantoms zone.
4:44 of 2nd period - Deryk Engelland is hit by Wade Megan and loses puck.
4:50 of 2nd period - Penalty to Tom Sestito is over, Tom Sestito is back on ice.
5:06 of 2nd period - Chris Neil is hit by Victor Bartley and loses puck.
5:31 of 2nd period - Deryk Engelland is hit by Victor Bartley and loses puck.
5:40 of 2nd period - Slapshot by Greg Zanon.
5:40 of 2nd period - Stopped by Chad Johnson with a rebound.
5:48 of 2nd period - Chris Neil is hit by Victor Bartley and loses puck.
5:59 of 2nd period - Snap shot by Brian Lashoff.
5:59 of 2nd period - Deflect By Bryan Allen.
5:59 of 2nd period - Stopped by Laurent Brossoit without a rebound.
6:00 of 2nd period - Byron Froese wins face-off versus Andrew Desjardins in Phantoms zone.
6:31 of 2nd period - Penalty to Garrett Wilson is over, Garrett Wilson is back on ice.
6:43 of 2nd period - Eric Faille is hit by Brian Strait and loses puck.
7:59 of 2nd period - Stephen Johns is hit by Brad Winchester and loses puck.
8:14 of 2nd period - Backhand shot by Nikita Nesterov.
8:14 of 2nd period - Stopped by Laurent Brossoit with a rebound.
8:52 of 2nd period - Snap shot by Deryk Engelland.
8:52 of 2nd period - Shot Misses the Net.
8:54 of 2nd period - Slapshot by Bryan Allen.
8:54 of 2nd period - Shot Misses the Net.
9:26 of 2nd period - Cody Bass is hit by Jyrki Jokipakka and loses puck.
9:30 of 2nd period - Oliver Lauridsen and Tom Sestito fight to a draw.
9:30 of 2nd period - Penalty to Oliver Lauridsen for Fighting.
9:30 of 2nd period - Penalty to Tom Sestito for Fighting.
9:31 of 2nd period - Frazer McLaren wins face-off versus Chris Langkow in Phantoms zone.
9:34 of 2nd period - Slapshot by Brian Lashoff.
9:34 of 2nd period - Deflect By Eric Faille.
9:34 of 2nd period - Shot Misses the Net.
9:34 of 2nd period - Puck is out of play.
9:35 of 2nd period - Frazer McLaren wins face-off versus Chris Langkow in Phantoms zone.
9:52 of 2nd period - Snap shot by Bryan Allen.
9:52 of 2nd period - Shot Blocked by Brian Lashoff.
9:54 of 2nd period - Slapshot by Bryan Allen.
9:54 of 2nd period - Stopped by Chad Johnson with a rebound.
9:56 of 2nd period - Snap shot by Brian Strait.
9:56 of 2nd period - Stopped by Chad Johnson with a rebound.
9:58 of 2nd period - Slapshot by Brian Strait.
9:58 of 2nd period - Stopped by Chad Johnson with a rebound.
10:00 of 2nd period - Wrist shot by Chris Langkow.
10:00 of 2nd period - Stopped by Chad Johnson with a rebound.
10:20 of 2nd period - Brian Lashoff is hit by Chris Neil and loses puck.
10:27 of 2nd period - Nikita Nesterov is hit by Byron Froese and loses puck.
10:59 of 2nd period - Slapshot by Patrick Mullen.
10:59 of 2nd period - Stopped by Laurent Brossoit with a rebound.
11:48 of 2nd period - Icing by Stephen Johns.
11:49 of 2nd period - Ben Street wins face-off versus Andrew Desjardins in Phantoms zone.
12:30 of 2nd period - Wrist shot by Victor Bartley.
12:30 of 2nd period - Stopped by Laurent Brossoit with a rebound.
12:32 of 2nd period - Slapshot by Jyrki Jokipakka.
12:32 of 2nd period - Deflect By Pierre-Cedric Labrie.
12:32 of 2nd period - Shot Misses the Net.
12:32 of 2nd period - Puck is out of play.
12:33 of 2nd period - Frazer McLaren wins face-off versus Nathan Longpre in Phantoms zone.
12:46 of 2nd period - Off-side.
12:47 of 2nd period - Frazer McLaren wins face-off versus Nathan Longpre in neutral zone.
12:52 of 2nd period - Snap shot by Brian Lashoff.
12:52 of 2nd period - Stopped by Laurent Brossoit with a rebound.
12:54 of 2nd period - Slapshot by Nikita Nesterov.
12:54 of 2nd period - Deflect By Deryk Engelland.
12:54 of 2nd period - Stopped by Laurent Brossoit without a rebound.
12:55 of 2nd period - Pierre-Cedric Labrie wins face-off versus Ben Street in Phantoms zone.
13:00 of 2nd period - Slapshot by Victor Bartley.
13:00 of 2nd period - Shot Blocked by Deryk Engelland.
13:20 of 2nd period - Snap shot by Victor Bartley.
13:20 of 2nd period - Stopped by Laurent Brossoit with a rebound.
13:22 of 2nd period - Slapshot by Jyrki Jokipakka.
13:22 of 2nd period - Stopped by Laurent Brossoit with a rebound.
13:24 of 2nd period - Backhand shot by Wade Megan.
13:24 of 2nd period - Stopped by Laurent Brossoit without a rebound.
13:25 of 2nd period - Byron Froese wins face-off versus Eric Faille in Phantoms zone.
13:43 of 2nd period - Snap shot by Byron Froese.
13:43 of 2nd period - Shot Blocked by Nikita Nesterov.
13:49 of 2nd period - Wrist shot by Nikita Nesterov.
13:49 of 2nd period - Shot Misses the Net.
13:51 of 2nd period - Slapshot by Nikita Nesterov.
13:51 of 2nd period - Shot Misses the Net.
13:53 of 2nd period - Snap shot by Nikita Nesterov.
13:53 of 2nd period - Stopped by Laurent Brossoit without a rebound.
13:54 of 2nd period - Andrew Desjardins wins face-off versus Chris Langkow in Phantoms zone.
13:55 of 2nd period - Slapshot by Victor Bartley.
13:55 of 2nd period - Deflect By Brad Winchester.
13:55 of 2nd period - Stopped by Laurent Brossoit with a rebound.
14:21 of 2nd period - Slapshot by Jyrki Jokipakka.
14:21 of 2nd period - Shot Misses the Net.
14:48 of 2nd period - Snap shot by Deryk Engelland.
14:48 of 2nd period - Deflect By Garrett Wilson.
14:48 of 2nd period - Stopped by Chad Johnson without a rebound.
14:49 of 2nd period - Pierre-Cedric Labrie wins face-off versus Ben Street in Admirals NSH zone.
14:49 of 2nd period - Pierre-Cedric Labrie is hit by Deryk Engelland.
15:52 of 2nd period - Slapshot by Nikita Nesterov.
15:52 of 2nd period - Shot Blocked by Stephen Johns.
16:40 of 2nd period - Patrick Mullen is hit by Tom Sestito and loses puck.
18:02 of 2nd period - Backhand shot by Byron Froese.
18:02 of 2nd period - Deflect By Jyrki Jokipakka.
18:02 of 2nd period - Stopped by Chad Johnson with a rebound.
18:08 of 2nd period - Chris Neil is hit by Frazer McLaren and loses puck.
19:07 of 2nd period - Oliver Lauridsen beats up Steve MacIntyre.
19:07 of 2nd period - Penalty to Oliver Lauridsen for Fighting.
19:07 of 2nd period - Oliver Lauridsen is ejected from game.
19:07 of 2nd period - Penalty to Steve MacIntyre for Fighting.
19:08 of 2nd period - Byron Froese wins face-off versus Michael Pelech in Phantoms zone.
19:44 of 2nd period - Bryan Allen is hit by Jamie Wise and loses puck.
Goals for this period are 0 for Phantoms vs 1 for Admirals NSH.
Shots for this period are 7 for Phantoms vs 19 for Admirals NSH.

3rd period


0:01 of 3rd period - Ben Street wins face-off versus Allan McPherson in neutral zone.
0:04 of 3rd period - Victor Bartley is hit by Deryk Engelland and loses puck.
0:36 of 3rd period - Slapshot by Garrett Wilson.
0:36 of 3rd period - Shot Misses the Net.
0:42 of 3rd period - Bryan Allen is hit by Brad Winchester and loses puck.
0:58 of 3rd period - Stephen Johns is hit by Victor Bartley and loses puck.
2:34 of 3rd period - Snap shot by Brad Winchester.
2:34 of 3rd period - Stopped by Laurent Brossoit without a rebound.
2:35 of 3rd period - Nathan Longpre wins face-off versus Pierre-Cedric Labrie in Phantoms zone.
2:40 of 3rd period - Slapshot by Bryan Allen.
2:40 of 3rd period - Stopped by Chad Johnson without a rebound.
2:41 of 3rd period - Pierre-Cedric Labrie wins face-off versus Nathan Longpre in Admirals NSH zone.
3:31 of 3rd period - Snap shot by Byron Froese.
3:31 of 3rd period - Goal by Byron Froese - Phantoms : 1 - Admirals NSH : 1.
3:32 of 3rd period - Chris Langkow wins face-off versus Frazer McLaren in neutral zone.
3:37 of 3rd period - Snap shot by Chris Langkow.
3:37 of 3rd period - Stopped by Chad Johnson with a rebound.
4:29 of 3rd period - Icing by Patrick Mullen.
4:30 of 3rd period - Byron Froese wins face-off versus Andrew Desjardins in Admirals NSH zone.
4:53 of 3rd period - Brody Sutter is hit by Chris Neil and loses puck.
5:02 of 3rd period - Fredrik Claesson is hit by Brian Strait and loses puck.
5:13 of 3rd period - Snap shot by Deryk Engelland.
5:13 of 3rd period - Stopped by Chad Johnson with a rebound.
5:15 of 3rd period - Snap shot by Deryk Engelland.
5:15 of 3rd period - Shot Misses the Net.
5:17 of 3rd period - Wrist shot by Bryan Allen.
5:17 of 3rd period - Shot Misses the Net.
5:21 of 3rd period - Snap shot by Ben Street.
5:21 of 3rd period - Stopped by Chad Johnson with a rebound.
5:24 of 3rd period - Icing by Fredrik Claesson.
5:25 of 3rd period - Deryk Engelland wins face-off versus Andrew Desjardins in Admirals NSH zone.
5:34 of 3rd period - Wrist shot by Deryk Engelland.
5:34 of 3rd period - Stopped by Chad Johnson with a rebound.
5:54 of 3rd period - Slapshot by Michael Pelech.
5:54 of 3rd period - Shot Misses the Net.
5:56 of 3rd period - Snap shot by Pierre-Cedric Labrie.
5:56 of 3rd period - Deflect By Wade Megan.
5:56 of 3rd period - Shot Misses the Net.
5:56 of 3rd period - Puck is out of play.
5:57 of 3rd period - Chris Langkow wins face-off versus Pierre-Cedric Labrie in Phantoms zone.
6:53 of 3rd period - Chris Neil is hit by Jamie Wise and loses puck.
7:12 of 3rd period - Wrist shot by Chris Neil.
7:12 of 3rd period - Stopped by Chad Johnson with a rebound.
7:39 of 3rd period - Brian Lashoff is hit by Keegan Lowe.
7:41 of 3rd period - Slapshot by Nikita Nesterov.
7:41 of 3rd period - Stopped by Laurent Brossoit with a rebound.
7:43 of 3rd period - Slapshot by Nikita Nesterov.
7:43 of 3rd period - Stopped by Laurent Brossoit without a rebound.
7:44 of 3rd period - Ben Street wins face-off versus Pierre-Cedric Labrie in Phantoms zone.
8:55 of 3rd period - Slapshot by Nikita Nesterov.
8:55 of 3rd period - Shot Misses the Net.
8:57 of 3rd period - Slapshot by Nikita Nesterov.
8:57 of 3rd period - Shot Blocked by Brian Strait.
9:29 of 3rd period - Chris Neil beats up Brad Winchester.
9:29 of 3rd period - Penalty to Brad Winchester for Fighting.
9:29 of 3rd period - Penalty to Chris Neil for Fighting.
9:30 of 3rd period - Allan McPherson wins face-off versus Byron Froese in Phantoms zone.
10:00 of 3rd period - Snap shot by Patrick Mullen.
10:00 of 3rd period - Shot Misses the Net.
10:22 of 3rd period - Jyrki Jokipakka is hit by Garrett Wilson and loses puck.
11:17 of 3rd period - Snap shot by Chris Langkow.
11:17 of 3rd period - Shot Misses the Net.
11:19 of 3rd period - Wrist shot by Tom Sestito.
11:19 of 3rd period - Stopped by Chad Johnson with a rebound.
11:23 of 3rd period - Slapshot by Brian Strait.
11:23 of 3rd period - Shot Misses the Net.
11:25 of 3rd period - Snap shot by Tom Sestito.
11:25 of 3rd period - Stopped by Chad Johnson with a rebound.
11:27 of 3rd period - Wrist shot by Cody Bass.
11:27 of 3rd period - Stopped by Chad Johnson with a rebound.
11:29 of 3rd period - Wrist shot by Bryan Allen.
11:29 of 3rd period - Shot Blocked by Nikita Nesterov.
12:09 of 3rd period - Byron Froese is hit by Brian Lashoff and loses puck.
12:51 of 3rd period - Snap shot by Deryk Engelland.
12:51 of 3rd period - Shot Blocked by Patrick Mullen.
13:03 of 3rd period - Wrist shot by Tom Sestito.
13:03 of 3rd period - Stopped by Chad Johnson with a rebound.
13:05 of 3rd period - Slapshot by Greg Zanon.
13:05 of 3rd period - Stopped by Chad Johnson with a rebound.
13:19 of 3rd period - Fredrik Claesson is hit by Chris Langkow.
13:23 of 3rd period - Cody Bass is hit by Frazer McLaren and loses puck.
13:36 of 3rd period - Jyrki Jokipakka is hit by Mitch Moroz and loses puck.
14:10 of 3rd period - Steve MacIntyre is hit by Michael Pelech and loses puck.
14:37 of 3rd period - Snap shot by Brian Lashoff.
14:37 of 3rd period - Stopped by Laurent Brossoit with a rebound.
14:39 of 3rd period - Snap shot by Michael Pelech.
14:39 of 3rd period - Shot Misses the Net.
15:18 of 3rd period - Snap shot by Cody Bass.
15:18 of 3rd period - Shot Blocked by Fredrik Claesson.
15:40 of 3rd period - Brian Lashoff is hit by Stephen Johns and loses puck.
16:34 of 3rd period - Off-side.
16:35 of 3rd period - Chris Langkow wins face-off versus Frazer McLaren in neutral zone.
16:48 of 3rd period - Jyrki Jokipakka is hit by Cody Bass and loses puck.
16:55 of 3rd period - Slapshot by Victor Bartley.
16:55 of 3rd period - Stopped by Laurent Brossoit without a rebound.
16:56 of 3rd period - Ben Street wins face-off versus Pierre-Cedric Labrie in Phantoms zone.
17:13 of 3rd period - Snap shot by Deryk Engelland.
17:13 of 3rd period - Deflect By Garrett Wilson.
17:13 of 3rd period - Shot Misses the Net.
17:13 of 3rd period - Puck is out of play.
17:14 of 3rd period - Ben Street wins face-off versus Pierre-Cedric Labrie in Admirals NSH zone.
17:16 of 3rd period - Deryk Engelland beats up Michael Pelech.
17:16 of 3rd period - Penalty to Michael Pelech for Fighting.
17:16 of 3rd period - Penalty to Deryk Engelland for Fighting.
17:16 of 3rd period - Penalty to Michael Pelech for instigated a fight.
17:16 of 3rd period - Penalty to Michael Pelech for instigated a fight.
17:17 of 3rd period - Byron Froese wins face-off versus Brody Sutter in Admirals NSH zone.
17:28 of 3rd period - Slapshot by Byron Froese.
17:28 of 3rd period - Stopped by Chad Johnson with a rebound.
18:08 of 3rd period - Jyrki Jokipakka is hit by Mitch Moroz and loses puck.
18:17 of 3rd period - Backhand shot by Ben Street.
18:17 of 3rd period - Shot Misses the Net.
18:19 of 3rd period - Snap shot by Garrett Wilson.
18:19 of 3rd period - Deflect By Ben Street.
18:19 of 3rd period - Stopped by Chad Johnson with a rebound.
18:21 of 3rd period - Slapshot by Stephen Johns.
18:21 of 3rd period - Shot Blocked by Jyrki Jokipakka.
18:31 of 3rd period - Snap shot by Ben Street.
18:31 of 3rd period - Shot Misses the Net.
18:33 of 3rd period - Wrist shot by Ben Street.
18:33 of 3rd period - Stopped by Chad Johnson with a rebound.
19:15 of 3rd period - Wrist shot by Chris Neil.
19:15 of 3rd period - Shot Blocked by Jyrki Jokipakka.
19:16 of 3rd period - Penalty to Michael Pelech is over, Frazer McLaren is send on ice.
19:17 of 3rd period - Wrist shot by Chris Neil.
19:17 of 3rd period - Shot Misses the Net.
19:41 of 3rd period - Wrist shot by Steve MacIntyre.
19:41 of 3rd period - Deflect By Jyrki Jokipakka.
19:41 of 3rd period - Shot Blocked by Frazer McLaren.
19:41 of 3rd period - Puck is out of play.
19:42 of 3rd period - Nathan Longpre wins face-off versus Frazer McLaren in Admirals NSH zone.
Goals for this period are 1 for Phantoms vs 0 for Admirals NSH.
Shots for this period are 15 for Phantoms vs 5 for Admirals NSH.

Overtime #1


0:01 of 1st overtime period - Brody Sutter wins face-off versus Chris Neil in neutral zone.
0:06 of 1st overtime period - Bryan Allen is hit by Victor Bartley and loses puck.
1:00 of 1st overtime period - Wrist shot by Ben Street.
1:00 of 1st overtime period - Shot Misses the Net.
1:13 of 1st overtime period - Martin Gernat is hit by Pierre-Cedric Labrie.
1:17 of 1st overtime period - Greg Zanon is hit by Pierre-Cedric Labrie and loses puck.
1:34 of 1st overtime period - Patrick Mullen is hit by Mitch Moroz and loses puck.
1:41 of 1st overtime period - Slapshot by Brody Sutter.
1:41 of 1st overtime period - Stopped by Laurent Brossoit with a rebound.
2:16 of 1st overtime period - Penalty to Michael Pelech is over, Ben Sexton is send on ice.
2:16 of 1st overtime period - Penalty to Deryk Engelland is over, Deryk Engelland is back on ice.
2:44 of 1st overtime period - Icing by Brian Strait.
2:45 of 1st overtime period - Chris Neil wins face-off versus Brody Sutter in Phantoms zone.
3:25 of 1st overtime period - Off-side.
3:26 of 1st overtime period - Pierre-Cedric Labrie wins face-off versus Tom Sestito in neutral zone.
4:00 of 1st overtime period - Pierre-Cedric Labrie is hit by Bryan Allen and loses puck.
4:17 of 1st overtime period - Brian Lashoff is hit by Brian Strait and loses puck.
Goals for this period are 0 for Phantoms vs 0 for Admirals NSH.
Shots for this period are 0 for Phantoms vs 1 for Admirals NSH.

ShootOut


5:00 of 1st overtime period - Penalty Shot by Deryk Engelland for Phantoms.
5:00 of 1st overtime period - Snap shot by Deryk Engelland.
5:00 of 1st overtime period - Shot Misses the Net.
5:00 of 1st overtime period - Penalty Shot by Ben Sexton for Admirals NSH.
5:00 of 1st overtime period - Snap shot by Ben Sexton.
5:00 of 1st overtime period - Stopped by Laurent Brossoit.
5:00 of 1st overtime period - Penalty Shot by Chris Neil for Phantoms.
5:00 of 1st overtime period - Wrist shot by Chris Neil.
5:00 of 1st overtime period - Stopped by Chad Johnson.
5:00 of 1st overtime period - Penalty Shot by Andrew Desjardins for Admirals NSH.
5:00 of 1st overtime period - Wrist shot by Andrew Desjardins.
5:00 of 1st overtime period - Shot Hit the Post.
5:00 of 1st overtime period - Penalty Shot by Ben Street for Phantoms.
5:00 of 1st overtime period - Wrist shot by Ben Street.
5:00 of 1st overtime period - Stopped by Chad Johnson.
5:00 of 1st overtime period - Penalty Shot by Brody Sutter for Admirals NSH.
5:00 of 1st overtime period - Backhand shot by Brody Sutter.
5:00 of 1st overtime period - Goal by Brody Sutter.